 Dungeon Crawl Stone Soup version 0.31.0-9-g3a7656b989 (webtiles) character file.

Game seed: 3610092112574327619

7 Colgate the Poker (level 1, -3/18 HPs)
             Began as a Demonspawn Cinder Acolyte on Jan 30, 2024.
             Was a High Priest of Ignis.
             Slain by a kobold
             ... wielding a +0 whip
              (4 damage)
             ... on level 1 of the Dungeon.
             The game lasted 00:00:20 (165 turns).

Colgate the Poker (Demonspawn Cinder Acolyte)        Turns: 165, Time: 00:00:20

Health: -3/18      AC:  9    Str: 14    XL:     1   Next: 91%
Magic:  2/2        EV: 11    Int: 14    God:    Ignis [*****.]
Gold:   38         SH:  0    Dex:  8    Spells: 2/2 levels left

rFire   + . .        a - -1 spear (flame)
rCold   . . .        (no shield)
rNeg    . . .        b - +0 robe
rPois   .            (no helmet)
rElec   .            (no cloak)
rCorr   .            (no gloves)
SInv    .            (no boots)
Will    .....        (no amulet)
Stlth   +            (no ring)
HPRegen 0.23/turn    (no ring)
MPRegen 0.08/turn

%: no passive effects
@: fiery-armoured
A: no striking features
a: Renounce Religion, Fiery Armour, Foxfire Swarm, Rising Flame


You were on level 1 of the Dungeon.
You worshipped Ignis.
Ignis was extremely pleased with you.
You visited 1 branch of the dungeon, and saw 1 of its levels.

You collected 38 gold pieces.

Inventory:

Hand Weapons
 a - a -1 spear of flaming (weapon)
Armour
 b - a +0 robe (worn)
Scrolls
 c - a scroll of fear {unknown}


   Skills:
 - Level 3.0 Fighting
 + Level 3.2 Polearms
 - Level 1.0 Spellcasting
 - Level 2.6 Fire Magic


You had 2 spell levels left.
You didn't know any spells.
Your spell library contained the following spells:

 Spells                   Type           Power      Damage    Failure   Level
 Scorch                   Fire           16%        2d5       13%         2


Dungeon Overview and Level Annotations

Branches:
Dungeon (1/15)

Altars:


Message History

You are too injured to fight recklessly!
There are monsters nearby!
You are too injured to fight recklessly!
There are monsters nearby!
You are too injured to fight recklessly!
There are monsters nearby!
You are too injured to fight recklessly!
There are monsters nearby!
You are too injured to fight recklessly!
There are monsters nearby!
You are too injured to fight recklessly!
There are monsters nearby!
You are too injured to fight recklessly!
There are monsters nearby!
You are too injured to fight recklessly!
There are monsters nearby!
A protective cloak of flame settles atop you.
The ball python barely misses you. The ball python constricts you.
The kobold hits you with a +0 dagger.
* * * LOW HITPOINT WARNING * * *
The kobold is burned by your cloak of flames.
You kill the kobold!
The hobgoblin closely misses you.
You hit the ball python. You burn the ball python.
The ball python closely misses you. The ball python constricts you.
The hobgoblin hits you.
* * * LOW HITPOINT WARNING * * *
The hobgoblin is burned by your cloak of flames.
You kill the hobgoblin!
You closely miss the ball python. The ball python misses you.
The ball python constricts you.
The kobold throws a stone.
The stone barely misses you.
You closely miss the ball python. The ball python barely misses you.
The ball python constricts you. The ball python completely misses you.
The ball python constricts you.
* * * LOW HITPOINT WARNING * * *
You hit the ball python. You burn the ball python.
You kill the ball python!
You closely miss the kobold. The kobold hits you with a +0 whip.
You die...

###.###....###
.....##............ ....
†............##...##....
..............#......)..
.................?......
.............[..........
..........).............
........................
................@).....#
................K†.....#
.....##.....##..........
#############...>......#
#.....#....#
#....###...# #..... ...#
#...>.. #.. ......


You could see a kobold.

Vanquished Creatures
  2 hobgoblins (D:1)
  2 ball pythons (D:1)
  2 bats (D:1)
  A frilled lizard (D:1)
  A kobold (D:1)
  A rat (D:1)
9 creatures vanquished.

Notes
Turn   | Place    | Note
-------+----------+-------------------------------------------
     0 | D:1      | Colgate the Demonspawn Cinder Acolyte began the quest for
                  | the Orb.
     0 | D:1      | Reached XP level 1. HP: 18/18 MP: 2/2
   165 | D:1      | Slain by a kobold

Illustrated notes

Levels and vault maps discovered:
D:1:      dpeg_arrival_radiant, layout_rooms, serial_bayou_pond_c,
          minmay_pentomino_x2

Skill      XL: |  1 |
---------------+----+-----
Polearms       | 3 |  3.2
Fighting       | |  3.0
Spellcasting   | |  1.0
Fire Magic     | |  2.6

Action                     || total
---------------------------++-------
  Melee: Spear             ||    27
         Punch             ||     1
 Invoke: Fiery Armour      ||     1
 Armour: Robe              ||    17
  Dodge: Dodged            ||    20
